 Dungeon Crawl Stone Soup version 0.28.0 (webtiles) character file.

Game seed: 13224118635787911571

4376 a3don the Fighter (level 10, -4/92 HPs)
             Began as a Minotaur Fighter on Feb 14, 2022.
             Killed by divine providence
             ... invoked by an orc priest
              (15 damage)
             ... on level 9 of the Dungeon.
             The game lasted 00:09:30 (8085 turns).

a3don the Fighter (Minotaur Fighter)                Turns: 8085, Time: 00:09:33

Health: -4/92      AC: 13    Str: 21    XL:     10   Next: 13%
Magic:  9/9        EV:  9    Int:  9    God:
Gold:   221        SH:  6    Dex: 10    Spells: 9/9 levels left

rFire   . . .      SeeInvis .   a - +0 war axe
rCold   . . .      Faith    .   c - +0 buckler
rNeg    . . .      Spirit   .   n - +3 scale mail {rPois}
rPois   +          Reflect  .   (helmet restricted)
rElec   .          Harm     .   (no cloak)
rCorr   .          Rampage  .   i - +0 pair of gloves
Will    .....                   (no boots)
Stlth   ..........              F - amulet of regeneration
HPRegen 1.05/turn               u - +4 ring of slaying
MPRegen 0.11/turn               (no ring)

@: weak-willed
A: horns 2, retaliatory headbutt
a: no special abilities


You were on level 9 of the Dungeon.
You visited 1 branch of the dungeon, and saw 9 of its levels.

You collected 611 gold pieces.
You spent 390 gold pieces at shops.

Inventory:

Hand Weapons
 a - a +0 war axe (weapon)
 p - a +1 vorpal flail
 y - the +3 spear of Doom {vorpal, rPois rCorr}
   (You found it on level 4 of the Dungeon)

   It inflicts extra damage upon your enemies.
   rPois:     It protects you from poison.
   rCorr:     It protects you from acid and corrosion.
 B - the +5 quarterstaff "Dimeu" {vorpal, Fly Int+3}
   (You found it on level 5 of the Dungeon)

   It inflicts extra damage upon your enemies.
   Int:       It affects your intelligence (+3).
   Fly:       It grants you flight.
 K - a +2 flail of holy wrath
Missiles
 t - 10 boomerangs (quivered)
Armour
 b - a +0 scale mail
 c - a +0 buckler (worn)
 i - a +0 pair of gloves (worn)
 n - a +3 scale mail of poison resistance (worn)
Magical Staves
 l - a staff of cold
Jewellery
 u - a +4 ring of slaying (left hand)
 F - an amulet of regeneration (around neck)
 G - a ring of ice
 H - a +6 ring of intelligence
Wands
 J - a wand of iceblast (9)
Scrolls
 f - 4 scrolls of vulnerability
 g - a scroll of magic mapping {unknown}
 h - 7 scrolls of identify {unknown}
 m - 3 scrolls of noise {unknown}
 q - 2 scrolls of amnesia {unknown}
 r - a scroll of acquirement {unknown}
 s - a scroll of holy word {unknown}
 v - a scroll of fog {unknown}
 w - a scroll of teleportation {unknown}
 x - 2 scrolls of blinking {unknown}
 z - a scroll of brand weapon {unknown}
 A - a scroll of immolation {unknown}
 C - a scroll of silence {unknown}
Potions
 d - 4 potions of might
 e - 6 potions of curing {unknown}
 j - 2 potions of lignification {unknown}
 k - a potion of degeneration {unknown}
 o - a potion of resistance {unknown}
 D - a potion of attraction {unknown}
 E - 2 potions of heal wounds {unknown}
 I - a potion of berserk rage {unknown}


   Skills:
 + Level 9.6 Fighting
 + Level 9.2 Axes
 + Level 9.6 Armour
 + Level 9.5 Shields


You had 9 spell levels left.
You didn't know any spells.
Your spell library contained the following spells:

 Spells                   Type           Power      Damage    Failure   Level
 Summon Small Mammal      Summ           0%         N/A       75%         1
 Corpse Rot               Necr/Air       0%         N/A       86%         2
 Ensorcelled Hibernation  Hex/Ice        0%         N/A       86%         2
 Passwall                 Tmut/Erth      0%         N/A       86%         2
 Poisonous Vapours        Pois/Air       0%         N/A       86%         2
 Call Canine Familiar     Summ           0%         N/A       98%         3
 Summon Guardian Golem    Hex/Summ       0%         N/A       98%         3
 Swiftness                Air            0%         N/A       98%         3


Dungeon Overview and Level Annotations

Branches:
Dungeon (9/15)             Temple (0/1) D:5             Orc (0/2) D:9
   Lair: D:8-11

Altars:
The Shining One
Beogh

Shops:
D:3 [   D:4 =


Innate Abilities, Weirdness & Mutations

You have a pair of horns on your head.
You reflexively headbutt those who attack you in melee.


Message History

You closely miss the orc. The orc warrior barely misses you.
You block the orc's attack.
You barely miss the orc. You headbutt the orc!
You kill the orc!
The orc warrior hits you from afar with a +0 halberd.
You block the orc warrior's attack. The orc warrior completely misses you.
You furiously retaliate!
You headbutt the orc warrior.
Things that are here:
a +0 hand axe; a +0 flail; an orc corpse The orc warrior hits you from afar with a +0 halberd!
You hit the orc warrior but do no damage.
You headbutt the orc warrior.
The orc warrior is lightly wounded.
The orc warrior hits you but does no damage.
You block the orc warrior's attack.
You closely miss the orc. You hit the orc warrior.
The orc hits you with a +0 club.
The orc warrior hits you from afar with a +0 halberd.
The orc priest calls down the wrath of Beogh upon you.
Beogh smites you!
The orc warrior hits you with a +0 mace!
You hit the orc.
The orc is almost dead.
You closely miss the orc warrior. The orc hits you but does no damage.
The orc warrior hits you from afar with a +0 halberd.
You block the orc warrior's attack.
You slash the orc!
You kill the orc!
You slash the orc warrior!
The orc warrior hits you from afar with a +0 halberd!
* * * LOW HITPOINT WARNING * * *
The orc warrior hits you with a +0 mace.
* * * LOW HITPOINT WARNING * * *
As you read the scroll labelled ZAXI WUACVIRI, it crumbles to dust.
Magic quickly surges around you.
It was a scroll of vulnerability.
The orc warrior hits you from afar with a +0 halberd!
* * * LOW HITPOINT WARNING * * *
The orc priest calls down the wrath of Beogh upon you.
Beogh smites you!
You die...

...............
........#######
###+........
###.....######
#...##...))...
###.####...####.
###...............
#######
#o#o..........##).
.>.....
#@oo..............
.......
###oo........####.


o_o.oo. #.o.......... .. o.ooooo #.........###### .8ooo.o #o.........
####8'8####o.......### ......o............ #####..o..#######.. ####### ## You
could see 2 orc warriors, an orc priest (weak-willed) and 4 orcs.

Vanquished Creatures
  2 two-headed ogres (D:8)
  A hornet (D:8)
  Sigmund (D:4)
  A steam dragon (D:7)
  Edmund (D:6)
  2 water moccasins
  An ice beast (D:7)
  5 black bears
  2 phantoms (D:7)
  A kobold brigand (D:8)
  A water moccasin zombie (D:7)
  2 bullfrogs
  2 gnoll sergeants
  A wyvern zombie (D:7)
  4 scorpions
  3 killer bees (D:8)
  2 howler monkeys
  2 centaur zombies
  A bullfrog zombie (D:6)
  2 bullfrog skeletons
  2 hounds
  2 orc priests (D:8)
  2 centaur skeletons
  Jessica (D:3)
  Natasha (thrice) (D:4)
  An iguana (D:5)
  Terence (D:3)
  An orc wizard (D:8)
  A killer bee zombie (D:7)
  A howler monkey zombie (D:7)
  8 adders
  9 gnolls
  A howler monkey skeleton (D:4)
  A shadow imp (D:6)
  3 white imps
  2 ufetubi
  An adder skeleton (D:4)
  A worm (D:2)
  4 dart slugs
  14 orcs
  4 bats
  9 endoplasms
  2 giant cockroaches
  10 hobgoblins
  3 jackals (D:4)
  2 quokkas
  5 ball pythons
  5 frilled lizards
  7 goblins
  8 kobolds
  4 rats
155 creatures vanquished.

Notes
Turn   | Place    | Note
-------+----------+-------------------------------------------
     0 | D:1      | a3don the Minotaur Fighter began the quest for the Orb.
     0 | D:1      | Reached XP level 1. HP: 19/19 MP: 0/0
   212 | D:1      | Reached XP level 2. HP: 27/27 MP: 1/1
   608 | D:1      | Found a faded altar of an unknown god.
   998 | D:2      | Reached XP level 3. HP: 33/33 MP: 2/2
  1656 | D:3      | Noticed Terence
  1663 | D:3      | Killed Terence
  1664 | D:3      | Reached XP level 4. HP: 38/41 MP: 3/3
  1756 | D:3      | Found Wirph's Armour Shoppe.
  1828 | D:3      | Reached XP level 5. HP: 47/47 MP: 4/4
  1952 | D:3      | Noticed Jessica
  1955 | D:3      | Killed Jessica
  2502 | D:4      | Found Irry's Jewellery Boutique.
  2529 | D:4      | Reached skill level 5 in Fighting
  2570 | D:4      | Noticed a black bear
  2578 | D:4      | Killed a black bear
  2579 | D:4      | Reached skill level 5 in Armour
  2579 | D:4      | Reached skill level 5 in Shields
  2579 | D:4      | Reached XP level 6. HP: 39/56 MP: 5/5
  2898 | D:4      | Noticed Sigmund
  2916 | D:4      | Killed Sigmund
  2917 | D:4      | Reached skill level 5 in Axes
  2917 | D:4      | Reached XP level 7. HP: 33/62 MP: 6/6
  2917 | D:4      | Noticed Natasha
  2939 | D:4      | Killed Natasha
  3026 | D:4      | Noticed Natasha
  3033 | D:4      | Killed Natasha
  3183 | D:4      | Identified the +3 spear of Doom {vorpal, rPois rCorr}
  3283 | D:4      | Noticed Natasha
  3289 | D:4      | Killed Natasha
  3545 | D:5      | Entered Level 5 of the Dungeon
  4377 | D:5      | Identified the +5 quarterstaff "Dimeu" {vorpal, Fly Int+3}
  4548 | D:5      | Found a staircase to the Ecumenical Temple.
  4724 | D:6      | Reached XP level 8. HP: 69/71 MP: 7/7
  4751 | D:6      | Noticed Edmund
  4766 | D:6      | Killed Edmund
  5263 | D:6      | Found a glowing golden altar of the Shining One.
  5526 | D:4      | Bought an amulet of regeneration for 390 gold pieces
  5841 | D:7      | Reached XP level 9. HP: 75/81 MP: 8/8
  6846 | D:8      | Noticed a two-headed ogre
  6855 | D:8      | Killed a two-headed ogre
  7428 | D:8      | Noticed a two-headed ogre
  7436 | D:8      | Killed a two-headed ogre
  7437 | D:8      | Reached XP level 10. HP: 38/91 MP: 9/9
  8056 | D:9      | Found a staircase to the Orcish Mines.
  8085 | D:9      | Killed from afar by an orc priest

Illustrated notes

Levels and vault maps discovered:
D:1:      ncdulo_wetmaze, layout_basic, hellmonk_ecumenical_altar_crossroads,
          interstate_on_off, minmay_misc_feat_cross, minmay_fountain_box,
          hangedman_decor_growths
D:2:      layout_loops_ring
D:3:      layout_basic, serial_shops, shop, kennysheep_boxes, uniq_jessica,
          uniq_terence
D:4:      layout_loops_cross, serial_shops, nicolae_shop_hallway_stairs,
          kennysheep_generic_room_6, uniq_sigmund, uniq_natasha
D:5:      layout_loops_cross, lemuel_temple_firewalk_b
D:6:      layout_loops_ring, kennysheep_mini, minivault_5, lemuel_old_faithful,
          uniq_edmund
D:7:      layout_basic
D:8:      layout_basic
D:9:      layout_roguey, erik_lair_dragon, david_orc_5,
          minmay_misc_feat_more_columns

Skill      XL: |  1  2  3  4  5  6  7  8  9 |
---------------+----------------------------+-----
Fighting       | 4 5 6 8 9 |  9.6
Armour         | 4 5 6 7 9 |  9.6
Shields        | 4 5 6 7 9 |  9.5
Axes           | 3 4 5 6 7 9 |  9.2

Action                   |  1- 3 |  4- 6 |  7- 9 | 10-12 || total
-------------------------+-------+-------+-------+-------++-------
Melee: War axe           |    66 |    87 |   239 |    47 ||   439
       Headbutt          |     6 |    10 |    43 |     8 ||    67
Throw: Boomerang         |       |       |     6 |       ||     6
  Use: Scroll            |       |       |       |     1 ||     1
Armor: Scale mail        |    34 |    54 |   123 |    20 ||   231
Dodge: Dodged            |    28 |    38 |   109 |    15 ||   190
Block: Buckler           |    12 |    24 |    61 |    16 ||   113
